 Dungeon Crawl Stone Soup version 0.31-a0-982-g1816016f30 (webtiles) character file.

Game seed: 2739586957650408340

10579 Descartes the Nimble (level 11, -2/42 HPs)
             Began as a Felid Shapeshifter on Nov 2, 2023.
             Slain by a five-headed hydra (17 damage)
             ... on level 10 of the Dungeon.
             The game lasted 00:26:53 (11272 turns).

Descartes the Nimble (Felid Shapeshifter)          Turns: 11272, Time: 00:26:54

Health: -2/42      AC:  2    Str: 14    XL:     11   Next: 38%
Magic:  12/12      EV: 31    Int: 12    God:
Gold:   566        SH:  0    Dex: 16    Spells: 10/10 levels left
                                        Lives:  0   Deaths: 4

rFire   . .          .
                       - Unarmed
rCold   . . .        (shield unavailable)
rNeg    . . .        (body armour unavailable)
rPois   .            (helmet unavailable)
rElec   .            (cloak unavailable)
rCorr   .            (gloves unavailable)
SInv    +            (boots unavailable)
Will    +....        r - amulet of regeneration
Stlth   +            n - +4 ring of slaying
HPRegen 1.07/turn    A - +5 ring of evasion
MPRegen 0.13/turn

%: no passive effects
@: beast-form, studying Unarmed Combat, quick
A: beast (slay +4), very small, claws 1, fangs 3, see invisible, speed 1, shaggy
fur 2, stealthy paws, no weapons or thrown items, no armour, multi-lived, sense
surroundings 1, MP-powered wands
a: Begin Untransformation


You were on level 10 of the Dungeon.
You were a hulking beast.
You visited 2 branches of the dungeon, and saw 12 of its levels.
You also visited: Ossuary.

You collected 610 gold pieces.
You spent 44 gold pieces at shops.

Inventory:

Jewellery
 n - a +4 ring of slaying (left paw)
 q - a +6 ring of strength
 r - an amulet of regeneration (around neck)
 A - a +5 ring of evasion (right paw)
 G - an amulet of magic regeneration
Talismans
 b - a beast talisman
 c - a flux talisman
Wands
 E - a wand of flame (5)
Scrolls
 f - a scroll of vulnerability
 g - 2 scrolls of silence {unknown}
 h - 2 scrolls of immolation
 k - a scroll of blinking
 l - 4 scrolls of teleportation
 m - a scroll of butterflies
 o - 3 scrolls of poison
 t - 3 scrolls of torment
 u - 2 scrolls of noise
 y - 3 scrolls of fog
 C - 3 scrolls of revelation
 D - a scroll of fear {unknown}
Potions
 a - a potion of degeneration {unknown}
 d - 5 potions of mutation
 e - 3 potions of might {unknown}
 i - 2 potions of heal wounds {unknown}
 j - 7 potions of curing
 p - a potion of cancellation {unknown}
 s - a potion of invisibility {unknown}
 v - a potion of berserk rage
 w - 2 potions of ambrosia
 x - 2 potions of haste {unknown}
 z - 2 potions of enlightenment {unknown}
 B - a potion of attraction {unknown}
 F - a potion of resistance {unknown}


   Skills:
 - Level 1.0 Fighting
 + Level 13.8 Dodging
 + Level 13.2 Unarmed Combat
 + Level 11.0 Shapeshifting


You had 10 spell levels left.
You didn't know any spells.
Your spell library contained the following spells:

 Spells                   Type           Power      Damage    Failure   Level
 Lesser Beckoning         Tloc           0%         N/A       45%         2
 Static Discharge         Conj/Air       0%         3-3/arc   45%         2
 Gell's Gravitas          Tloc           0%         N/A       69%         3
 Teleport Other           Tloc           0%         N/A       69%         3
 Airstrike                Air            0%         2d(0-16)  97%         4
 Summon Lightning Spire   Summ/Air       0%         N/A       97%         4


Dungeon Overview and Level Annotations

Branches:
Dungeon (11/15)            Temple (1/1) D:6             Orc (0/2) D:10
Ossuary (visited)
   Lair: D:8-11

Altars:
Ashenzari
Cheibriados
Dithmenos
Elyvilon
Fedhas
Gozag
Hepliaklqana
Kikubaaqudgha
Makhleb
Nemelex Xobeh
Okawaru
Qazlal
Ru
Sif Muna
Trog
Uskayaw
Vehumet
Wu Jian
Xom
Yredelemnul
Zin
The Shining One

Shops:
D:3 :   D:5 :!!(*   D:10 (

Annotations:
D:8 Jeremiah
D:9 2 transporters, tish's ghost, novice GnRe


Innate Abilities, Weirdness & Mutations

You are a hulking beast.
Your limbs bulge with bestial killing power. (Slay +4)
You have sharp claws.
You have razor-sharp teeth.
You have supernaturally acute eyesight. (SInv)
You cover ground quickly. (Speed+)
You are covered in thick fur. (AC +2)
Your paws help you pounce on unaware monsters.
You are incapable of wielding weapons or throwing items.
You cannot wear armour.
You gain extra lives every three experience levels.
You passively map a small area around you.
You expend magic power (3 MP) to strengthen your wands.


Message History

You kill the centaur warrior!
Your Shapeshifting skill increases to level 11!
No target in view!
Things that are here:
a +0 orcbow; a centaur corpse
There is an open door here.
You open the door.
There is an open door here.
A five-headed hydra is nearby!
Okay, then.
Something bites the plant!
The plant begins to die.
Something bites the plant!
Something completely misses the plant.
Something bites the plant.
Something bites the plant!
There is a stone staircase leading down here.
You climb downwards.
The kobold brigand shouts!
The kobold shouts! x3
Found a scroll labelled ABATHE MANECANIPS and a pair of gloves.
There is a stone staircase leading up here.
The kobold misses you.
The kobold throws a stone.
The stone completely misses you.
You scratch the wraith. Your bite misses the wraith.
The wraith is lightly damaged.
The kobold completely misses you. The wraith completely misses you.
The kobold completely misses you. The kobold attacks as it pursues you!
The kobold hits you with a +0 dagger.
There is a stone staircase leading up here.
HP restored.
The kobold completely misses you. x2
You climb upwards.
There is a stone staircase leading down here.
You claw the kobold!
You kill the kobold!
You claw the kobold!
You kill the kobold!
There is a stone staircase leading down here.
Things that are here:
a +0 dagger; a stone
There is an open door here.
There is a stone staircase leading up here.
The five-headed hydra bites you! x3
You die...

#..........# #####
########.### #..#
#####'### #.......#
#.......# #......<# ##
#.......##### ###.
#....h..'...#######...
#....D..###....#.....8
#.......# ####.#.))...
#.......# #......).
####'#### #..8))..>
#..# ##....... ##.##
##...... #..# #.....8
####.####### ####...


You could see a five-headed hydra.

Vanquished Creatures
  2 centaur warriors (D:10)
  A deep elf pyromancer (D:10)
  A kobold demonologist (D:7)
  A komodo dragon (D:10)
  An efreet (D:10)
  A troll (D:7)
  A hornet (D:10)
  Prince Ribbit (D:5)
  A slime creature (D:10)
  2 shadows (D:10)
  12 yaks
  A vampire (D:8)
  A steam dragon (D:7)
  An acid dragon (D:10)
  2 water moccasins
  4 orc warriors
  2 ice beasts
  An ogre (D:4)
  2 black bears
  2 centaurs
  2 phantoms
  2 kobold brigands
  8 bullfrogs
  A scorpion (D:10)
  16 wights
  14 killer bees
  An electric eel (D:10)
  9 howler monkeys
  A jelly (D:6)
  5 hounds
  7 orc priests
  3 iguanas
  10 orc wizards
  12 mummies (Ossuary)
  5 adders
  7 gnolls
  A white imp (D:5)
  4 ufetubi
  A worm (D:2)
  2 dart slugs
  40 orcs
  5 ball pythons
  4 bats (D:2)
  8 endoplasms
  2 giant cockroaches
  2 gnoll skeletons (Ossuary)
  7 goblins
  7 hobgoblins
  5 quokkas
  A frilled lizard (D:1)
  2 goblin skeletons (Ossuary)
  21 kobolds
  A kobold skeleton (Ossuary)
  3 orc skeletons (Ossuary)
  5 rats
  11 rat skeletons (Ossuary)
275 creatures vanquished.

Notes
Turn   | Place    | Note
-------+----------+-------------------------------------------
     0 | D:1      | Descartes the Felid Shapeshifter began the quest for the
                  | Orb.
     0 | D:1      | Reached XP level 1. HP: 9/9 MP: 2/2
   216 | D:1      | Reached XP level 2. HP: 12/12 MP: 3/3
   599 | D:2      | Found a shimmering altar of Xom.
   603 | D:2      | Reached XP level 3. HP: 15/15 MP: 4/4
   961 | D:2      | Reached XP level 4. HP: 15/19 MP: 5/5
  1340 | D:3      | Identified the +4 spear of the Curious Knives {freeze, rF++
                  | Stlth+}
  1551 | D:3      | Found Ibbif's Vocational Training.
  1594 | D:3      | Found an opulent altar of Gozag.
  2013 | D:4      | Reached XP level 5. HP: 22/22 MP: 6/6
  2210 | D:4      | Noticed an ogre
  2213 | D:4      | Noticed a phantom
  2275 | D:4      | Reached skill level 5 in Dodging
  2278 | D:4      | Killed a phantom
  2279 | D:4      | Gained mutation: You are covered in thick fur. (AC +2)
                  | [Felid growth]
  2279 | D:4      | Reached XP level 6. HP: 18/25 MP: 7/7
  2282 | D:4      | Reached skill level 5 in Shapeshifting
  2530 | D:4      | Noticed a steam dragon
  2534 | D:4      | Killed from afar by a steam dragon
  2684 | D:5      | Entered Level 5 of the Dungeon
  2689 | D:5      | Reached skill level 5 in Unarmed Combat
  2720 | D:5      | Reached XP level 7. HP: 12/28 MP: 8/8
  2770 | D:5      | Found a sand-covered staircase.
  2775 | Ossuary  | Entered an ossuary
  3454 | D:5      | Found Caikat's Distillery.
  3463 | D:5      | Found Teiggent's Distillery.
  3527 | D:5      | Reached XP level 8. HP: 22/32 MP: 9/9
  3527 | D:5      | Found Tuidd's Book Shoppe.
  3675 | D:5      | Found Hidinura's General Store.
  3678 | D:5      | Bought a scroll of identify for 22 gold pieces
  3678 | D:5      | Bought a scroll of identify for 22 gold pieces
  3682 | D:5      | Gained mutation: You are weak. (Str -2) [potion of
                  | mutation]
  3683 | D:5      | Lost mutation: You are weak. (Str -2) [potion of mutation]
  3683 | D:5      | Gained mutation: Potions are less effective at restoring
                  | your health. [potion of mutation]
  3683 | D:5      | Gained mutation: You do not regenerate when monsters are
                  | visible. [potion of mutation]
  3684 | D:5      | Lost mutation: Potions are less effective at restoring your
                  | health. [potion of mutation]
  3684 | D:5      | Lost mutation: You do not regenerate when monsters are
                  | visible. [potion of mutation]
  3684 | D:5      | Gained mutation: You passively map a small area around you.
                  | [potion of mutation]
  3684 | D:5      | Gained mutation: You expend magic power (3 MP) to
                  | strengthen your wands. [potion of mutation]
  3696 | D:5      | Found Cychudgh's Weapon Emporium.
  4236 | D:6      | Noticed Prince Ribbit
  4264 | D:4      | HP: 1/32 [ufetubus (3)]
  4385 | D:5      | Found Caikat's Distillery.
  4393 | D:5      | Killed Prince Ribbit
  4395 | D:5      | Found Teiggent's Distillery.
  4480 | D:5      | Found Cychudgh's Weapon Emporium.
  4495 | D:5      | Found Hidinura's General Store.
  4755 | D:5      | Found Tuidd's Book Shoppe.
  5744 | D:6      | Noticed a gargoyle
  5840 | D:6      | Found a broken altar of Ashenzari.
  5999 | D:6      | Found a staircase to the Ecumenical Temple.
  6103 | Temple   | Entered the Ecumenical Temple
  6175 | D:6      | Reached XP level 9. HP: 35/35 MP: 10/10
  6593 | D:7      | Identified a scroll of acquirement
  6594 | D:7      | Acquired a manual of Unarmed Combat
  6664 | D:7      | Noticed a kobold demonologist
  6668 | D:7      | Noticed a red devil
  6671 | D:7      | Killed a kobold demonologist
  6672 | D:7      | Reached skill level 10 in Dodging
  7323 | D:8      | Noticed Jeremiah
  7441 | D:8      | Noticed a troll
  7467 | D:7      | Killed a troll
  7995 | D:8      | Paralysed by Jeremiah for 4 turns
  8018 | D:8      | Mangled by Jeremiah
  8393 | D:8      | Reached skill level 10 in Unarmed Combat
  8393 | D:8      | Reached XP level 10. HP: 30/39 MP: 11/11
  8678 | D:8      | Identified the +3 ring mail "Fuluas" {-Tele rN+ Str+4
                  | Dex+7}
  9193 | D:9      | Found a transporter.
  9337 | D:9      | Found a bloodstained altar of Trog.
  9340 | D:9      | Found a burning altar of Makhleb.
  9343 | D:9      | Found a shimmering altar of Xom.
  9390 | D:9      | Found an ornate altar of the Wu Jian Council.
  9451 | D:9      | Reached skill level 10 in Shapeshifting
  9666 | D:9      | Noticed tish's ghost (novice GnRe)
  9838 | D:9      | Noticed a purple ugly thing
  9846 | D:9      | Found a transporter.
 10243 | D:10     | Entered Level 10 of the Dungeon
 10417 | D:10     | Found Gifeoqul's Weapon Emporium.
 10480 | D:10     | Noticed a five-headed hydra
 10592 | D:10     | Found a staircase to the Orcish Mines.
 10645 | D:10     | Reached XP level 11. HP: 40/42 MP: 12/12
 10675 | D:10     | HP: 1/42 [electric eel/bolt of electricity (12)]
 10939 | D:10     | Noticed a deep elf pyromancer
 10944 | D:10     | Killed a deep elf pyromancer
 11014 | D:10     | Noticed a centaur warrior
 11015 | D:10     | Noticed a centaur warrior
 11026 | D:10     | Killed a centaur warrior
 11052 | D:10     | HP: 2/42 [centaur warrior/arrow (11)]
 11071 | D:10     | Shot with an arrow by a centaur warrior
 11147 | D:10     | Slain by a centaur warrior
 11162 | D:10     | Killed a centaur warrior
 11272 | D:10     | Slain by a five-headed hydra

Illustrated notes

Levels and vault maps discovered:
D:1:      heliophobic_arrival_ceremonial_halls, layout_rooms, minmay_tripent
D:2:      layout_basic, basic_altar, hangedman_decor_push,
          minmay_misc_feat_tiny, minmay_between
D:3:      layout_basic, mainiacjoe_overflow_six_doors_small,
          nicolae_shop_vocational
D:4:      layout_gridville
D:5:      layout_loops_ring, serial_shops, shop, shop, shop,
          nicolae_inconvenience_store, kennysheep_mini, enter_ossuary_2,
          kennysheep_opposing_triangles
D:6:      layout_loops_ring, lemuel_round_altar,
          minmay_temple_entry_enclosed_plants, nrook_loot_triangle,
          lightli_corner_chamber, uniq_prince_ribbit1
D:7:      layout_loops_ring, minmay_misc_feat_nine_boxes
D:8:      layout_basic, nrook_uturn, uniq_jeremiah
D:9:      layout_irregular_city, grunt_temple_overflow_cloverleaf,
          nzn_ghost_randoct, hex_large, grunt_ministairs_15, chequers_avenue,
          minmay_misc_feat_cross
D:10:     layout_roguey, grunt_lair_entry_orc_guard_hut, david_orc_2,
          serial_shops, nicolae_shop_tiny_real_fake_doors,
          minmay_misc_feat_more_columns, minivault_4, minmay_shattered_shrine
D:11:     layout_irregular_city, uniq_erica, uniq_urug
Temple:   nicolae_temple_elliptical

Skill      XL: |  1  2  3  4  5  6  7  8  9 10 11 |
---------------+----------------------------------+-----
Dodging        | 3 4 5 6 7 9 11 13 | 13.8
Shapeshifting  | 4 5 6 7 9 10 11 | 11.0
Unarmed Combat | 4 5 6 7 10 12 13 | 13.2
Fighting       | |  1.0

Action                     |  1- 3 |  4- 6 |  7- 9 | 10-12 || total
---------------------------+-------+-------+-------+-------++-------
  Melee: Unarmed           |   100 |    85 |   341 |   231 ||   757
         Bite              |    10 |     7 |    40 |    18 ||    75
         Punch             |     3 |     3 |    12 |    28 ||    46
  Evoke: Wand              |       |       |       |     3 ||     3
    Use: Scroll            |       |     8 |     7 |       ||    15
         Potion            |       |       |     7 |     3 ||    10
   Stab: Sleeping          |     1 |     2 |     5 |       ||     8
         Distracted        |     1 |       |       |       ||     1
 Armour: Skin              |    28 |    23 |    87 |    97 ||   235
  Dodge: Dodged            |    64 |    74 |   283 |   247 ||   668

Table legend: (Time is in decaauts)
 A = Elapsed time spent in this place.
 B = Non-inter-level travel time spent in this place.
 C = Inter-level travel time spent in this place.
 D = Time resting spent in this place.
 E = Time spent auto-exploring this place.
 F = Levels seen in this place.
 G = Mean time per level.
                   A        B        C        D        E       F      G
               +--------+--------+--------+--------+--------+-----+--------+
         Total |   9700 |   9340 |    360 |     10 |   7333 |  13 |  746.2 |
       Dungeon |   9180 |   8820 |    360 |     10 |   6984 |  11 |  834.5 |
        Temple |      1 |      1 |      0 |      0 |      0 |   1 |    1.0 |
       Ossuary |    518 |    518 |      0 |      0 |    349 |   1 |  518.0 |
               +--------+--------+--------+--------+--------+-----+--------+

Top non-repeatable levels by time:
     D:5: 1657 daAuts
     D:8: 1244 daAuts
     D:7: 1201 daAuts
     D:9: 1078 daAuts
     D:6: 888 daAuts
    D:10: 735 daAuts
     D:4: 721 daAuts
     D:2: 633 daAuts
     D:3: 556 daAuts
 Ossuary: 518 daAuts
     D:1: 457 daAuts
    D:11: 5 daAuts
  Temple: 1 daAuts
